 Dungeon Crawl Stone Soup version 0.19-a0-1882-gbb73ea0 (webtiles) character file.

116 jerryfan the Thaumaturge (level 4, -4/49 HPs)
             Began as a Draconian Wizard on Oct 14, 2016.
             Slain by happinesssam's ghost (6 damage)
             ... on level 3 of the Dungeon.
             The game lasted 00:18:01 (2472 turns).

jerryfan the Thaumaturge (Draconian Wizard)         Turns: 2472, Time: 00:18:02

Health: -4/49      AC: 22    Str: 10    XL:     4   Next: 69%
Magic:  13/15      EV:  2    Int: 19    God:
Gold:   160        SH:  0    Dex:  9    Spells: 4 memorised, 13 levels left

rFire  + . .     SeeInvis .     k - +0 dagger
rCold  + . .     Gourm    .     (armour unavailable)
rNeg   + + +     Faith    .     (no shield)
rPois  +         Spirit   .     (helmet currently unavailable)
rElec  +         Dismiss  .     (cloak currently unavailable)
rCorr  +         Reflect  .     (gloves currently unavailable)
MR     +....     Harm     .     (boots currently unavailable)
Stlth  ++........ NoTele   +    o - amulet of magic regeneration
                                (no ring)
                                (no ring)

@: tree-form, resistant, very slightly contaminated
A: unfitting armour, magic resistance 1, (cold-blooded), AC +5
a: no special abilities


You were on level 3 of the Dungeon.
You were not hungry.
You were a tree.
You visited 1 branch of the dungeon, and saw 3 of its levels.

You collected 160 gold pieces.

Inventory:

Hand Weapons
 h - a +0 short sword
 j - a -2 short sword
 k - a +0 dagger (weapon)
Missiles
 f - 48 stones (quivered)
 n - 6 curare-tipped needles
Armour
 a - a +0 hat (melded)
Jewellery
 o - an amulet of magic regeneration (around neck)
Scrolls
 d - a scroll of identify
 e - 3 scrolls of remove curse
 s - a scroll of noise {unknown}
 t - a scroll of blinking {unknown}
Potions
 g - 3 potions of curing
 q - a potion of ambrosia
Books
 b - a book of Minor Magic

   Spells                             Type                      Level
   a - Magic Dart                     Conjuration                  1
   b - Blink                          Translocation                2
   c - Call Imp                       Summoning                    2
   d - Repel Missiles                 Charms/Air                   2
   e - Slow                           Hexes                        2
   f - Conjure Flame                  Conjuration/Fire             3
   g - Mephitic Cloud                 Conjuration/Poison/Air       3
Comestibles
 c - 2 bread rations
 i - a slice of pizza
 m - 2 meat rations


   Skills:
 + Level 0.2 Fighting
 + Level 2.1 Dodging
 + Level 1.9 Stealth
 + Level 9.1 Spellcasting
 + Level 1.4 Conjurations
 + Level 1.3 Summonings
 + Level 1.0 Translocations


You had 13 spell levels left.
You knew the following spells:

 Your Spells              Type           Power        Failure   Level  Hunger
a - Magic Dart            Conj           ##..         6%          1    None
b - Call Imp              Summ           ##......     10%         2    None
c - Mephitic Cloud        Conj/Pois/Air  ##......     21%         3    None
d - Blink                 Tloc           N/A          10%         2    None


Dungeon Overview and Level Annotations

Branches:
Dungeon (3/15)

Altars:
Xom

Annotations:
D:3 happinesssam's ghost, amateur HaBe


Innate Abilities, Weirdness & Mutations

((Your plain brown scales are hard. (AC +5)))
You cannot fit into any form of body armour.
((You are cold-blooded and may be slowed by cold attacks.))
You are resistant to hostile enchantments. (MR+)


Message History

You hit happinesssam's ghost but do no damage.
Happinesssam's ghost is severely damaged.
Your crimson imp disappears in a puff of smoke!
Happinesssam's ghost hits you but does no damage.
You closely miss happinesssam's ghost.
Happinesssam's ghost is severely damaged.
Happinesssam's ghost hits you but does no damage.
You cannot move.
You cannot move.
You completely miss happinesssam's ghost.
Happinesssam's ghost is severely damaged.
Happinesssam's ghost hits you.
* * * LOW HITPOINT WARNING * * *
You hit happinesssam's ghost but do no damage.
Happinesssam's ghost is severely damaged.
Happinesssam's ghost hits you but does no damage.
You barely miss happinesssam's ghost.
Happinesssam's ghost is severely damaged.
Happinesssam's ghost hits you.
You die...

,,,,,,,,.........................
,,,,,,,,...##...#########...#####
,,,,,,,.$.,*#...# #...+....
**,,,,,....##...#########...#####
,,,,,,.................##.......#
,,,,,,.................##.......#
,,,***##...............##.......#
,,,* #........W......##...[)...
,,,* #........♣................
,,,****#.....................##..
,,,*,,,......................#...
,,,*,,,......................#...
,,,*,,,,.####.....########...#...
,,,,,,,,,,,*#.....########...#...
,,,,,,,,,,,*#................#...
,,,,,*,,,,,*#................#...
,,,,,*****,,,,,,.............#...


You could see happinesssam's ghost (inner flame).

Vanquished Creatures
  3 adders (D:2)
  A worm (D:2)
  4 leopard geckos
  An orc (D:3)
  9 bats
  2 giant cockroaches
  2 goblins (D:2)
  3 hobgoblins
  A jackal (D:1)
  2 quokkas (D:2)
  A ball python (D:2)
  2 frilled lizards (D:1)
  3 kobolds
  7 rats
41 creatures vanquished.

Vanquished Creatures (collateral kills)
  An ooze (D:2)
  A worm (D:2)
  A dart slug (D:1)
  A goblin (D:1)
4 creatures vanquished.

Grand Total: 45 creatures vanquished

Notes
Turn   | Place    | Note
-------+----------+-------------------------------------------
     0 | D:1      | jerryfan the Draconian Wizard began the quest for the Orb.
     0 | D:1      | Reached XP level 1. HP: 14/14 MP: 4/4
   529 | D:1      | Reached XP level 2. HP: 20/20 MP: 3/6
   537 | D:1      | Learned a level 2 spell: Call Imp
  1502 | D:2      | Reached skill level 9 in Spellcasting
  1502 | D:2      | Reached XP level 3. HP: 26/26 MP: 6/13
  1507 | D:2      | Learned a level 3 spell: Mephitic Cloud
  1550 | D:2      | Gained mutation: You are resistant to hostile enchantments. (MR+) [potion of beneficial mutation]
  1707 | D:2      | Reached XP level 4. HP: 27/33 MP: 8/15
  2305 | D:3      | Learned a level 2 spell: Blink
  2419 | D:3      | Found a shimmering altar of Xom.
  2430 | D:3      | Noticed happinesssam's ghost (amateur HaBe)
  2466 | D:3      | HP: 2/49 [happinesssam's ghost (6)]
  2472 | D:3      | Slain by happinesssam's ghost

Vault maps used:
D:1:      dpeg_arrival_brainrot
D:3:      lemuel_statue_altar

Skill      XL: |  1  2 |
---------------+-------+-----
Dodging        | 2 |  2.1
Spellcasting   | 9 |  9.1
Fighting       | |  0.2
Stealth        | |  1.9
Conjurations   | |  1.4
Summonings     | |  1.3
Translocations | |  1.0

Action                   |  1- 3 |  4- 6 || total
-------------------------+-------+-------++-------
Melee: Unarmed           |     8 |       ||     8
       Dagger            |    29 |    36 ||    65
       Tailslap          |     2 |     2 ||     4
 Cast: Magic Dart        |    48 |    40 ||    88
       Call Imp          |     4 |     6 ||    10
       Mephitic Cloud    |     1 |     3 ||     4
  Use: Scroll            |     4 |     4 ||     8
       Potion            |     6 |     2 ||     8
 Stab: Confused          |     1 |       ||     1
  Eat: Chunk             |     2 |     3 ||     5
Armor: Skin              |    13 |    19 ||    32
Dodge: Dodged            |    27 |    22 ||    49
